 Dungeon Crawl Stone Soup version 0.29.1-1-gd02db6906a (webtiles) character file.

Game seed: 15377674323595610445

25806 RatsInWalls the Photosynthesist (level 12, -3/100 HPs)
             Began as a Demonspawn Monk on Oct 22, 2022.
             Was an Elder of Fedhas.
             Killed by an exploding ballistomycete spore (21 damage)
             ... in a Gauntlet.
             The game lasted 01:05:30 (21071 turns).

RatsInWalls the Photosynthesist (Demonspawn Monk)  Turns: 21071, Time: 01:05:31

Health: -3/100     AC: 23    Str: 15    XL:     12   Next: 92%
Magic:  0/22       EV:  6    Int: 12    God:    Fedhas [****..]
Gold:   973        SH:  0    Dex: 17    Spells: 11/11 levels left

rFire   . . .      SeeInvis +   K - +0 great sword
rCold   . . .      Faith    .   (shield currently unavailable)
rNeg    . . .      Spirit   +   v - +0 plate armour
rPois   .          Reflect  .   T - +2 hat
rElec   .          Harm     .   (cloak unavailable)
rCorr   .          Rampage  .   B - +2 pair of gloves
Will    .....      NoTele   +   M - +0 pair of boots
Stlth   ..........              J - amulet of regeneration
HPRegen 1.06/turn               y - ring of see invisible
MPRegen 0.36/turn               (no ring)

@: confused
A: thin metallic scales 1, demonic guardian 1, magic shield, magic regeneration,
magic link, weakness stinger 3
a: Renounce Religion, Wall of Briars, Grow Ballistomycete, Overgrow


You were in a Gauntlet.
You worshipped Fedhas.
Fedhas was greatly pleased with you.
You visited 2 branches of the dungeon, and saw 15 of its levels.
You also visited: Ossuary and Gauntlet.

You collected 1077 gold pieces.
You spent 104 gold pieces at shops.

Inventory:

Hand Weapons
 a - a +1 falchion
 K - a +0 great sword (weapon)
 S - a +0 long sword
Missiles
 f - 4 javelins (quivered)
 j - 7 boomerangs
 k - 46 poisoned darts
 n - 5 curare-tipped darts
 H - a throwing net
 R - 6 atropa-tipped darts
Armour
 h - a +1 scale mail
 v - a +0 plate armour (worn)
 B - a +2 pair of gloves (worn)
 F - a +0 buckler
 M - a +0 pair of boots (worn)
 T - a +2 hat (worn)
 U - a +0 tower shield
Jewellery
 y - a ring of see invisible (left hand)
 J - an amulet of regeneration (around neck)
Wands
 e - a wand of digging (8)
 P - a wand of polymorph (6)
 Q - a wand of flame (27)
Scrolls
 i - 7 scrolls of enchant weapon
 o - 6 scrolls of teleportation
 p - 2 scrolls of fear
 q - a scroll of immolation
 A - 2 scrolls of butterflies
 D - 2 scrolls of blinking
 E - 6 scrolls of identify
 G - 2 scrolls of poison
 L - 3 scrolls of silence
 N - a scroll of brand weapon
 O - a scroll of magic mapping
Potions
 b - 4 potions of resistance
 c - 2 potions of ambrosia
 g - 2 potions of cancellation
 l - 5 potions of curing
 m - 3 potions of haste
 r - 6 potions of might
 s - 3 potions of flight
 u - 3 potions of brilliance
 x - a potion of mutation
 z - 4 potions of magic
 C - a potion of invisibility
Miscellaneous
 I - a lightning rod (3/4)
 V - a piece from Xom's chessboard (15/15)


   Skills:
 + Level 11.1 Fighting
 * Level 11.9 Long Blades
 + Level 9.6 Armour
 - Level 3.0 Dodging
 - Level 2.3 Stealth
 + Level 13.4 Invocations


You had 11 spell levels left.
You didn't know any spells.
Your spell library contained the following spells:

 Spells                   Type           Power      Damage    Failure   Level
 Apportation              Tloc           0%         N/A       100%        1
 Foxfire                  Conj/Fire      0%         2x1d4     100%        1
 Necrotise                Necr           0%         1d4       100%        1
 Sandblast                Erth           0%         2d4       100%        1
 Slow                     Hex            0%         N/A       100%        1
 Summon Small Mammal      Summ           0%         N/A       100%        1
 Passwall                 Tmut/Erth      0%         N/A       100%        2
 Static Discharge         Conj/Air       0%         3-3/arc   100%        2
 Confusing Touch          Hex            0%         N/A       100%        3
 Conjure Flame            Conj/Fire      0%         6-21      100%        3
 Ignite Poison            Fire/Tmut/Pois 0%         N/A       100%        3
 Inner Flame              Hex/Fire       0%         N/A       100%        3
 Mephitic Cloud           Conj/Pois/Air  0%         N/A       100%        3
 Stone Arrow              Conj/Erth      0%         3d7       100%        3
 Vampiric Draining        Necr           0%         2d6       100%        3
 Dispel Undead            Necr           0%         3d6       100%        4
 Flame Wave               Conj/Fire      0%         2d4       100%        4
 Passage of Golubria      Tloc           0%         N/A       100%        4
 Sticky Flame             Conj/Fire      0%         2d3       100%        4
 Summon Ice Beast         Ice/Summ       0%         N/A       100%        4
 Freezing Cloud           Conj/Ice/Air   0%         6-21      100%        5
 Silence                  Hex/Air        0%         N/A       100%        5
 Summon Mana Viper        Hex/Summ       0%         N/A       100%        5
 Dispersal                Tloc           0%         N/A       100%        6
 Malign Gateway           Summ/Tloc      0%         N/A       100%        7
 Monstrous Menagerie      Summ           0%         N/A       100%        7
 Disjunction              Tloc           0%         N/A       100%        8
 Lehudib's Crystal Spear  Conj/Erth      0%         10d2      100%        8
 Summon Horrible Things   Summ           0%         N/A       100%        8


Dungeon Overview and Level Annotations

Branches:
Dungeon (11/15)            Temple (0/1) D:5            Lair (4/5) D:8
 Shoals (0/4) Lair:2       Spider (0/4) Lair:2        Slime (0/5) Lair:4
    Orc (0/2) D:9         Ossuary (visited)         Gauntlet (1/1)

Altars:
Cheibriados
Dithmenos
Fedhas
Okawaru
Sif Muna
Wu Jian
Jiyva

Shops:
D:5 [   D:6 !

Annotations:
D:5 1 runed translucent door, Crazy Yiuf
D:6 2 transporters, mortz's ghost, amateur GrEE
Lair:2 3 runed translucent doors, Pamiuf's ghost, journeyman KoSu Gauntlet 11 transporters


Innate Abilities, Weirdness & Mutations

You are partially covered in thin metallic scales. (AC +2)
A weak demonic guardian rushes to your aid.
When hurt, damage is shared between your health and your magic reserves.
You regenerate magic rapidly.
When low on magic, you restore magic in place of health.
You have a sharp stinger which inflicts weakening toxins.


Message History

The meliai hits your ballistomycete with a +0 war axe!
The meliai closely misses you.
The meliai calls upon its god to heal the meliai.
The meliai is healed somewhat.
A ballistomycete spore comes into view.
You feel better. The meliai hits you but does no damage.
The meliai barely misses you. x2
The meliai stings you but does no damage.
The meliai hits you with a +0 war axe.
* * * LOW HITPOINT WARNING * * *
The meliai hits your ballistomycete with a +0 war axe!
The meliai stings you but does no damage.
The meliai hits you but does no damage.
The meliai hits your ballistomycete spore with a +0 war axe.
The meliai hits your ballistomycete with a +0 war axe!
The meliai stings you but does no damage.
The meliai hits you with a +0 hand axe!
* * * LOW HITPOINT WARNING * * *
The meliai stings you.
* * * LOW HITPOINT WARNING * * *
The meliai hits you but does no damage.
The meliai closely misses your ballistomycete spore.
The meliai stings you but does no damage.
Unknown command.
You feel better. The meliai barely misses you.
The meliai hits your ballistomycete spore with a +0 war axe!
The meliai stings you but does no damage.
The meliai hits you with a +0 war axe.
* * * LOW HITPOINT WARNING * * *
The meliai hits your ballistomycete with a +0 war axe!
The meliai hits your ballistomycete spore with a +0 war axe!
Your ballistomycete spore explodes!
The meliai appears confused.
The explosion of spores engulfs the meliai!
The meliai is severely wounded.
Fedhas protects your plant from harm. The explosion of spores engulfs you!!
You are confused.
You die...
Fedhas appreciates your contribution to the ecosystem.

#8#..#.####.#.B#...#5555...
###..###########...########
#≈.............§.........
###∩...∩........≈8≈........
#8#≈.............§.........
###..###########...########
#..#...#.#..y#...#..bbbbh
###..#..#..P#.y#...#...###.
#8#..#.##y@y##?#####....#..
###..##..#y##.!#...#.#h.#..
#.©#....©.#.©#©.©#.######
###..##..#.##."#...#.#.©#..
#8#..#.##...##?#####h...#..
###..#..#...#.y#...#b..###.
#..#y..#.#.yy#.8.#hb.....
###..###########...########
#8#........................


You could see 3 meliai and a friendly ballistomycete (summoned).

Vanquished Creatures
  A catoblepas (Lair:3)
  2 hydras (Lair:3)
  Erica (Lair:2)
  A two-headed ogre (D:9)
  4 death yaks (Lair:3)
  An orb spider (Lair:2)
  2 black mambas (Lair:3)
  4 merfolk sirens (Lair:2)
  A torpor snail (Lair:2)
  Joseph (D:7)
  5 cane toads
  8 komodo dragons
  A troll (D:10)
  A polar bear (Lair:3)
  Grinder (D:4)
  A blink frog (Lair:3)
  8 dream sheep (Lair:3)
  3 wyverns
  A wraith (D:9)
  14 yaks
  Grum (D:8)
  3 basilisks
  A steam dragon (Lair:3)
  Menkaure (D:5)
  2 wargs (D:9)
  A swamp worm (shapeshifter) (D:10)
  Duvessa (D:7)
  9 water moccasins
  2 orc warriors
  An ice beast (D:7)
  3 sky beasts
  2 black bears
  2 centaurs
  2 wolves (D:8)
  4 ogres
  4 kobold brigands
  13 bullfrogs
  3 gnoll sergeants
  3 scorpions
  A necrophage (D:4)
  A water moccasin zombie (Ossuary)
  7 wights
  Dowan (D:7)
  4 howler monkeys
  2 electric eels (D:6)
  2 orc priests
  2 hounds
  A jelly (D:5)
  2 gnoll boudas (D:8)
  2 iguanas
  Jessica (D:2)
  Ijyb (D:4)
  4 orc wizards
  3 mummies
  12 gnolls
  11 adders
  3 shadow imps
  2 white imps (D:6)
  2 ufetubi
  4 adder zombies (Ossuary)
  3 worms
  6 dart slugs
  27 orcs
  6 endoplasms
  9 goblins
  5 hobgoblins
  16 kobolds
  A quokka (D:5)
  5 ball pythons
  7 bats
  4 frilled lizards
  6 gnoll zombies (Ossuary)
  4 hobgoblin zombies (Ossuary)
  12 kobold zombies
  2 orc zombies (Ossuary)
  6 rats
306 creatures vanquished.

Vanquished Creatures (collateral kills)
  An ogre mage (D:10)
  A black mamba (Lair:2)
  Psyche (D:10)
  A komodo dragon (Lair:1)
  Sigmund (D:2)
  A wraith (D:10)
  A yak (Lair:2)
  An ogre (D:7)
  2 centaurs
  A wolf (D:8)
  A phantom (D:5)
  A scorpion (D:4)
  A wight (D:10)
  2 killer bees (D:10)
  An orc priest (D:7)
  A gnoll bouda (D:5)
  An iguana (D:3)
  An orc wizard (D:10)
  5 gnolls
  3 kobolds
  57 ballistomycete spores
85 creatures vanquished.

Vanquished Creatures (others)
  An oklob plant (Lair:3)
  6 ballistomycete spores
  A bush (Lair:2)
  21 fungi
  35 plants
  2 withered plants (Gauntlet)
66 creatures vanquished.

Grand Total: 457 creatures vanquished

Notes
Turn   | Place    | Note
-------+----------+-------------------------------------------
     0 | D:1      | RatsInWalls the Demonspawn Monk began the quest for the
                  | Orb.
     0 | D:1      | Reached XP level 1. HP: 18/18 MP: 1/1
   197 | D:1      | Gained mutation: A weak demonic guardian rushes to your
                  | aid. [demonic ancestry]
   197 | D:1      | Reached XP level 2. HP: 24/24 MP: 2/2
   533 | D:1      | Found a faded altar of an unknown god.
   553 | D:1      | Prayed at the altar of an unknown god.
   553 | D:1      | Became a worshipper of Fedhas Madash
   553 | D:1      | Reached * piety under Fedhas
   553 | D:1      | Reached ** piety under Fedhas
   927 | D:1      | Reached XP level 3. HP: 29/29 MP: 3/3
  1251 | D:2      | Reached *** piety under Fedhas
  1259 | D:2      | Noticed Sigmund
  1277 | D:2      | Killed Sigmund
  1278 | D:2      | Reached skill level 1 in Armour
  1278 | D:2      | Reached skill level 2 in Invocations
  1278 | D:2      | Gained mutation: You have a small tail. [demonic ancestry]
  1278 | D:2      | Reached XP level 4. HP: 20/37 MP: 1/6
  1278 | D:2      | Gained mutation: You are partially covered in thin metallic
                  | scales. (AC +2) [demonic ancestry]
  1278 | D:2      | Reached XP level 5. HP: 23/42 MP: 1/7
  1525 | D:2      | Noticed Jessica
  1531 | D:2      | Killed Jessica
  1967 | D:2      | Reached skill level 3 in Invocations
  1967 | D:2      | Gained mutation: You regenerate magic rapidly. [demonic
                  | ancestry]
  1967 | D:2      | Reached XP level 6. HP: 25/48 MP: 8/8
  3740 | D:4      | Noticed Grinder
  3761 | D:4      | Killed Grinder
  3762 | D:4      | Reached skill level 4 in Invocations
  3762 | D:4      | Reached XP level 7. HP: 43/55 MP: 8/10
  3835 | D:4      | Found a shadowy altar of Dithmenos.
  3912 | D:4      | Reached skill level 5 in Fighting
  4169 | D:4      | Found an ornate altar of the Wu Jian Council.
  4666 | D:4      | Noticed Ijyb
  4677 | D:4      | Killed Ijyb
  4678 | D:4      | Reached skill level 5 in Invocations
  5023 | D:5      | Entered Level 5 of the Dungeon
  5035 | D:4      | Reached **** piety under Fedhas
  5068 | D:5      | Reached skill level 5 in Long Blades
  5068 | D:5      | Gained mutation: When hurt, damage is shared between your
                  | health and your magic reserves. [demonic ancestry]
  5068 | D:5      | Reached XP level 8. HP: 50/63 MP: 12/12
  5185 | D:5      | Found Rub Eng's Antique Armour Emporium.
  5219 | D:5      | Noticed Menkaure
  5237 | D:5      | Killed Menkaure
  5238 | D:5      | Reached skill level 6 in Invocations
  5546 | D:5      | Found a runed translucent door.
  5547 | D:5      | Noticed Crazy Yiuf
  6158 | D:5      | Found a staircase to the Ecumenical Temple.
  7278 | D:6      | Reached skill level 7 in Invocations
  7531 | D:6      | Reached skill level 5 in Armour
  7531 | D:6      | Reached XP level 9. HP: 64/71 MP: 14/14
  7601 | D:6      | Found Orium's Distillery.
  7614 | D:6      | Bought a potion of heal wounds for 65 gold pieces
  7614 | D:6      | Bought a potion of curing for 39 gold pieces
  7683 | D:6      | Noticed a troll
  7684 | D:6      | Noticed mortz's ghost (amateur GrEE)
  7698 | D:6      | Found a transporter.
  7744 | D:6      | Found a transporter.
  8410 | D:7      | Noticed Dowan
  8424 | D:7      | Killed Dowan
  8469 | D:7      | Noticed Duvessa
  8491 | D:7      | Killed Duvessa
  8510 | D:7      | Reached skill level 8 in Invocations
  8847 | D:7      | Noticed Joseph
  8856 | D:7      | Killed Joseph
  8898 | D:7      | Found a sand-covered staircase.
  8908 | Ossuary  | Entered an ossuary
  9664 | D:8      | Found a transporter.
  9670 | D:8      | Found a transporter.
  9684 | D:8      | Found a transporter.
  9684 | D:8      | Found a transporter.
  9688 | D:8      | Found a transporter.
  9688 | D:8      | Found a transporter.
  9745 | D:8      | Reached ***** piety under Fedhas
 10096 | D:8      | Reached skill level 9 in Invocations
 10399 | D:8      | Found a staircase to the Lair.
 10432 | D:8      | Gained mutation: You have a tail ending in a sharp stinger.
                  | [demonic ancestry]
 10432 | D:8      | Reached XP level 10. HP: 54/75 MP: 14/16
 10969 | D:8      | Noticed Grum
 10985 | D:8      | Killed Grum
 11828 | D:9      | Found a staircase to the Orcish Mines.
 11930 | D:9      | Noticed a two-headed ogre
 11957 | D:9      | Killed a two-headed ogre
 11996 | D:9      | Reached skill level 10 in Invocations
 12398 | D:9      | Found an iron altar of Okawaru.
 12539 | D:9      | Found a shimmering blue altar of Sif Muna.
 12711 | D:9      | Found a snail-covered altar of Cheibriados.
 13312 | D:10     | Entered Level 10 of the Dungeon
 13451 | D:10     | Noticed Psyche
 13465 | D:10     | Killed Psyche
 13506 | D:10     | Noticed an ogre mage
 13521 | D:10     | Killed an ogre mage
 13522 | D:10     | Gained mutation: You have a sharp stinger which inflicts
                  | weakening toxins. [demonic ancestry]
 13522 | D:10     | Reached XP level 11. HP: 47/89 MP: 6/19
 13920 | D:10     | Reached skill level 11 in Invocations
 14495 | Lair:1   | Entered Level 1 of the Lair of Beasts
 15380 | Lair:1   | Identified the +3 great mace "Jucvowkat" {freeze, Int+5}
 15552 | Lair:2   | Noticed Erica
 15566 | Lair:2   | Killed Erica
 15756 | Lair:2   | Found a hole to the Spider Nest.
 15756 | Lair:2   | Noticed an orb spider
 16325 | Lair:2   | Killed an orb spider
 16435 | Lair:2   | Found a runed translucent gate.
 16435 | Lair:2   | Found a runed translucent gate.
 16435 | Lair:2   | Found a runed translucent gate.
 16457 | Lair:2   | Found a staircase to the Shoals.
 16466 | Lair:2   | Reached skill level 10 in Long Blades
 16473 | Lair:2   | Reached skill level 10 in Fighting
 16484 | Lair:2   | Reached skill level 12 in Invocations
 16922 | Lair:2   | Noticed Pamiuf's ghost (journeyman KoSu)
 17444 | Lair:3   | Noticed a death yak
 17444 | Lair:3   | Noticed a death yak
 17445 | Lair:3   | Noticed a death yak
 17449 | Lair:3   | Noticed a death yak
 17455 | Lair:3   | Killed a death yak
 17459 | Lair:3   | Gained mutation: When low on magic, you restore magic in
                  | place of health. [demonic ancestry]
 17459 | Lair:3   | Reached XP level 12. HP: 81/97 MP: 16/21
 17790 | Lair:3   | Noticed a four-headed hydra
 18308 | Lair:3   | Noticed a five-headed hydra
 18321 | Lair:3   | Killed a five-headed hydra
 19749 | Lair:3   | Reached skill level 13 in Invocations
 19835 | Lair:3   | Killed a four-headed hydra
 19903 | Lair:3   | Noticed a catoblepas
 19921 | Lair:3   | Killed a catoblepas
 20387 | Lair:3   | Killed a death yak
 20390 | Lair:3   | Killed a death yak
 20393 | Lair:3   | Killed a death yak
 20684 | Lair:4   | Found a viscous altar of Jiyva.
 20685 | Lair:4   | Found a staircase to the Slime Pits.
 20833 | Lair:4   | Found a gate leading to a gauntlet.
 20868 | Gauntlet | Entered a Gauntlet
 20868 | Gauntlet | Noticed a death scarab
 20868 | Gauntlet | Found a transporter.
 20868 | Gauntlet | Found a transporter.
 20872 | Gauntlet | Found a transporter.
 20872 | Gauntlet | Found a transporter.
 20872 | Gauntlet | Found a transporter.
 20873 | Gauntlet | Found the +10 tower shield of Ignorance {rN+ Int-4}
 20876 | Gauntlet | Noticed a hell hog
 20883 | Gauntlet | Found a transporter.
 20906 | Gauntlet | Found a transporter.
 20926 | Gauntlet | Found a transporter.
 20944 | Gauntlet | Found a transporter.
 20948 | Gauntlet | Noticed a catoblepas
 20952 | Gauntlet | Found a transporter.
 20971 | Gauntlet | Found a transporter.
 21021 | Gauntlet | Found a transporter.
 21071 | Gauntlet | Killed by an exploding ballistomycete spore

Illustrated notes

Levels and vault maps discovered:
D:1:      eino_arrival_tree_alley, layout_loops_corners,
          hellmonk_ecumenical_altar_slurped_away, minivault_14
D:2:      layout_loops_ring, uniq_sigmund, uniq_jessica
D:3:      minmay_angry_zag, layout_basic, minmay_misc_feat_doors,
          serial_park_tiny_2, st_stairs_6, solitary_fountain,
          minmay_misc_feat_alley
D:4:      layout_loops_ring, pdpol_wu_jian_five_deadly_venoms,
          mainiacjoe_overflow_alcove_4, uniq_grinder, uniq_ijyb
D:5:      layout_basic, minmay_temple_entry_nine_rooms, serial_shops,
          nicolae_shop_hallway_plus, uniq_crazy_yiuf_cottage, uniq_menkaure
D:6:      layout_cave_pools, serial_shops, nicolae_lakefront_shop,
          gammafunk_ghost_arena, minivault_19, corexii_item_surrounded_by_moat,
          kennysheep_generic_room_2
D:7:      layout_basic, serial_glass, glass_columns_a, glass_columns_a,
          glass_columns_a, glass_columns_a, glass_columns_a, glass_columns_c,
          glass_columns_b, glass_columns_c, glass_columns_a, glass_columns_b,
          glass_columns_b, glass_columns_a, glass_columns_b, glass_columns_c,
          item_on_display_a, nicolae_ossuary_entry_giza, uniq_joseph,
          uniq_duvessa
D:8:      layout_basic, lair_entry_dummy, serial_nicolae_subway,
          nicolae_sub_station_metal, nicolae_sub_station_stone,
          nicolae_sub_station_crystal, uniq_grum
D:9:      layout_gridville, kennysheep_slug_shrine,
          mainiacjoe_overflow_catch_the_wave, minmay_orc_entry_guard_dogs
D:10:     nzn_winding_woodlands_small [nzn_winding_woodlands_5x15_lazy_stream,
          nzn_winding_woodlands_center_garden,
          nzn_winding_woodlands_5x15_garden], layout_gridville, uniq_psyche
D:11:     layout_basic, uniq_lodul
Lair:1:   layout_roguey
Lair:2:   layout_regular_city, elwin_shoals_entry_stream,
          nicolae_spider_entry_orb_guardian, gammafunk_ghost_icy, minivault_26,
          uniq_erica
Lair:3:   layout_chaotic_city, nzn_random_ring, grunt_megastairs_3,
          infiniplex_staircase_pool_2
Lair:4:   layout_regular_city, slime_entry_1, ebering_ghost_funeral_grove,
          gauntlet_entry_generic, lemuel_fruit_tree
Gauntlet: gammafunk_gauntlet_shortcut [gammafunk_gauntlet_arena_chambers,
          nicolae_gauntlet_arena_t_cross, gammafunk_gauntlet_arena_mazey,
          gammafunk_gauntlet_arena_corners, gammafunk_gauntlet_arena_crates,
          nicolae_gauntlet_arena_blocks, gauntlet_exit_hidden_loot]

Skill      XL: |  1  2  3  4  5  6  7  8  9 10 11 12 |
---------------+-------------------------------------+-----
Stealth        | 2 |  2.3
Long Blades    | 3 4 5 6 7 8 10 11 | 11.9
Dodging        | 3 |  3.0
Fighting       | 4 5 6 7 9 10 11 | 11.1
Armour         | 1 2 3 5 6 7 8 9 |  9.6
Invocations    | 2 3 4 5 7 9 10 12 13 | 13.4

Action                   |  1- 3 |  4- 6 |  7- 9 | 10-12 || total
-------------------------+-------+-------+-------+-------++-------
Melee: Falchion          |    68 |   112 |   632 |   329 ||  1141
       Tailslap          |       |    16 |   107 |   103 ||   226
       Punch             |       |     2 |     9 |     5 ||    16
       Great sword       |       |       |       |   209 ||   209
Throw: Dart              |     6 |    13 |     5 |       ||    24
       Javelin           |     3 |     9 |    25 |     8 ||    45
       Stone             |     2 |     1 |     1 |       ||     4
       Boomerang         |       |     5 |     5 |       ||    10
Invok: Wall of Briars    |     1 |     2 |     4 |     7 ||    14
       Grow Ballistomyce |       |       |     3 |    12 ||    15
Evoke: Lightning rod     |       |       |       |     6 ||     6
       Wand              |       |       |       |     6 ||     6
  Use: Scroll            |       |     2 |    15 |     9 ||    26
       Potion            |       |       |     2 |    10 ||    12
 Stab: Sleeping          |     2 |     1 |       |       ||     3
       Distracted        |       |       |       |     1 ||     1
       Confused          |       |       |       |     1 ||     1
Armor: Robe              |    12 |     2 |       |       ||    14
       Scale mail        |       |    43 |   281 |       ||   324
       Plate armour      |       |       |    46 |   437 ||   483
Dodge: Dodged            |    41 |    53 |   303 |   174 ||   571
